 Dungeon Crawl Stone Soup version 0.28.0-43-g3370ac3207 (webtiles) character file.

Game seed: 17682092366427462864

318 crimpus the Covered (level 6, -1/51 HPs)
             Began as a Demigod Fighter on Mar 11, 2022.
             Slain by an ogre
             ... wielding a +0 giant spiked club
              (17 damage)
             ... on level 4 of the Dungeon.
             The game lasted 00:04:41 (4108 turns).

crimpus the Covered (Demigod Fighter)               Turns: 4108, Time: 00:04:41

Health: -1/51      AC: 10    Str: 31    XL:     6   Next: 0%
Magic:  0/8        EV:  9    Int: 10    God:
Gold:   172        SH:  5    Dex: 13    Spells: 5/5 levels left

rFire   . . .      SeeInvis .   a - +1 flail
rCold   . . .      Faith    .   c - +0 buckler
rNeg    . . .      Spirit   +   e - +0 chain mail
rPois   .          Reflect  .   (no helmet)
rElec   .          Harm     .   (no cloak)
rCorr   .          Rampage  .   k - +0 pair of gloves
Will    +....                   (no boots)
Stlth   ..........              f - amulet of guardian spirit
HPRegen 0.17/turn               h - ring of willpower
MPRegen 0.11/turn               j - +6 ring of strength

@: no status effects
A: high MP 1, forlorn, divine attributes
a: no special abilities


You were on level 4 of the Dungeon.
You visited 1 branch of the dungeon, and saw 4 of its levels.

You collected 172 gold pieces.

Inventory:

Hand Weapons
 a - a +1 flail (weapon)
Armour
 c - a +0 buckler (worn)
 e - a +0 chain mail (worn)
 k - a +0 pair of gloves (worn)
Jewellery
 f - an amulet of guardian spirit (around neck)
 g - a ring of willpower
 h - a ring of willpower (left hand)
 j - a +6 ring of strength (right hand)
 l - a ring of resist corrosion
Wands
 d - a wand of flame (24)
Potions
 b - 2 potions of flight
 i - a potion of heal wounds {unknown}


   Skills:
 + Level 3.5 Fighting
 + Level 3.7 Maces & Flails
 + Level 3.8 Armour
 + Level 1.5 Dodging
 - Level 0.2 Stealth
 + Level 3.4 Shields


You had 5 spell levels left.
You didn't know any spells.
Your spell library contained the following spells:

 Spells                   Type           Power      Damage    Failure   Level
 Conjure Flame            Conj/Fire      0%         6-21      100%        3
 Ignite Poison            Fire/Tmut/Pois 0%         N/A       100%        3
 Sticky Flame             Conj/Fire      0%         2d3       100%        4
 Borgnjor's Revivificati  Necr           0%         N/A       100%        8
 Necromutation            Tmut/Necr      0%         N/A       100%        8
 Death's Door             Necr           0%         N/A       100%        9


Dungeon Overview and Level Annotations

Branches:
Dungeon (4/15)
 Temple: D:4-7


Innate Abilities, Weirdness & Mutations

You have an increased reservoir of magic. (+10% MP)
You shall have no god before yourself.
Your divine heritage dramatically boosts your attributes as you level up.


Message History

No target in view!
No target in view!
No target in view!
No target in view!
No target in view!
No target in view!
No target in view!
No target in view!
No target in view!
No target in view!
Things that are here:
a +0 short sword; 4 stones
Found a stone staircase leading down.
No target in view!
There is a stone staircase leading down here.
l - a ring of resist corrosion
Found a leather armour.
You now have 172 gold pieces (gained 16).
An ogre comes into view. It is wielding a +0 giant spiked club.
The ogre shouts!
The ogre hits you with a +0 giant spiked club!
You barely miss the ogre.
The ogre hits you with a +0 giant spiked club!!
You are too injured to fight recklessly!
You are too injured to fight recklessly!
You are too injured to fight recklessly!
You are too injured to fight recklessly!
You are too injured to fight recklessly!
You are too injured to fight recklessly!
You are too injured to fight recklessly!
You are too injured to fight recklessly!
You are too injured to fight recklessly!
You are too injured to fight recklessly!
You are too injured to fight recklessly!
You are too injured to fight recklessly!
You are too injured to fight recklessly!
You are too injured to fight recklessly!
You barely miss the ogre.
The ogre hits you with a +0 giant spiked club!!
You die...

#.... ###......##
##...## #.......#
##.....######......#
.#.......#.####.....#
.$..........#.#.....#
....!...............#
............#.#.....#
.#....[..#.####.....#
##....@#### #######
##..O## #.... ##...
##.# .. ##. #.


You could see an ogre.

Vanquished Creatures
  A water moccasin skeleton (D:4)
  Jessica (D:3)
  Natasha (thrice) (D:2)
  Terence (D:2)
  5 adders
  A gnoll (D:1)
  An adder skeleton (D:4)
  3 dart slugs
  7 endoplasms
  A giant cockroach (D:2)
  5 goblins
  10 hobgoblins
  4 jackals (D:2)
  8 kobolds
  5 quokkas
  8 ball pythons
  9 bats
  3 frilled lizards
  8 rats
84 creatures vanquished.

Notes
Turn   | Place    | Note
-------+----------+-------------------------------------------
     0 | D:1      | crimpus the Demigod Fighter began the quest for the Orb.
     0 | D:1      | Reached XP level 1. HP: 18/18 MP: 3/3
   291 | D:1      | Reached XP level 2. HP: 25/25 MP: 4/4
   625 | D:1      | Reached skill level 1 in Dodging
   794 | D:1      | Reached XP level 3. HP: 29/30 MP: 5/5
  1715 | D:2      | Noticed Natasha
  1716 | D:2      | Noticed Terence
  1735 | D:2      | Killed Terence
  1736 | D:2      | Reached XP level 4. HP: 13/38 MP: 6/6
  1738 | D:2      | Killed Natasha
  2451 | D:2      | Noticed Natasha
  2467 | D:2      | Killed Natasha
  2468 | D:2      | Reached XP level 5. HP: 25/45 MP: 7/7
  2484 | D:2      | Noticed Natasha
  2492 | D:2      | Killed Natasha
  3680 | D:3      | Noticed Jessica
  3695 | D:3      | Killed Jessica
  3994 | D:4      | Reached XP level 6. HP: 51/51 MP: 8/8
  4108 | D:4      | Slain by an ogre

Illustrated notes

Levels and vault maps discovered:
D:1:      wander_arrival_lonely_grave, layout_basic, kennysheep_small_spiral,
          minmay_heptomino_h4
D:2:      minmay_chambers_of_twos, layout_basic,
          shapermc_ecumenical_altar_starsandcircs, minmay_shallow_snake_nest,
          uniq_natasha, uniq_terence
D:3:      layout_rooms, uniq_jessica
D:4:      layout_loops_cross, general_overflow_altar,
          gammafunk_temple_overflow_claw, nicolae_figureground_sparkle,
          uniq_sigmund

Skill      XL: |  1  2  3  4 |
---------------+-------------+-----
Maces & Flails | 2 3 |  3.7
Armour         | 3 |  3.8
Dodging        | 1 |  1.5
Shields        | 3 |  3.4
Fighting       | 3 |  3.5
Stealth        | |  0.2

Action                   |  1- 3 |  4- 6 || total
-------------------------+-------+-------++-------
Melee: Flail             |   129 |   157 ||   286
  Use: Scroll            |     4 |     1 ||     5
       Potion            |     1 |       ||     1
Armor: Scale mail        |    60 |       ||    60
       Chain mail        |    12 |   101 ||   113
Dodge: Dodged            |    80 |    70 ||   150
Block: Buckler           |    31 |    40 ||    71
